 Dungeon Crawl Stone Soup version 0.18-a0-1123-gbd92598 (webtiles) character file.

339 ThermosAquaticus the Ruffian (level 6, -2/59 HPs)
             Began as a Troll Abyssal Knight on Jan 19, 2016.
             Was a Believer of Lugonu.
             Slain by a killer bee (6 damage)
             ... on level 3 of the Dungeon.
             The game lasted 00:09:51 (2214 turns).

ThermosAquaticus the Ruffian (Troll Abyssal Knight) Turns: 2214, Time: 00:09:51

Health: -2/59      AC:  6    Str: 23    XL:     6   Next: 29%
Magic:  6/6        EV: 10    Int:  8    God:    Lugonu [**....]
Gold:   117        SH:  0    Dex:  9    Spells: 0 memorised, 5 levels left

rFire  . . .     SeeInvis .       - Unarmed
rCold  . . .     Gourm    +     a - +1 robe
rNeg   . . .     Faith    .     (no shield)
rPois  .         Spirit   .     (helmet restricted)
rElec  +         Dismiss  .     (no cloak)
rCorr  .         Reflect  .     (gloves unavailable)
SustAt .         Harm     .     (boots unavailable)
MR     .....                    (no amulet)
Stlth  +.........               (no ring)
                                (no ring)

@: lethally poisoned (-2 -> -3), flying, not resistant to hostile enchantments,
very unstealthy
A: unfitting armour, claws 3, fast metabolism 3, gourmand, regeneration 2,
shaggy fur 1, electricity resistance, tough skin 2
a: Depart the Abyss, Bend Space, Renounce Religion


You were on level 3 of the Dungeon.
You worshipped Lugonu.
Lugonu was pleased with you.
You were completely stuffed.

You visited 1 branch of the dungeon, and saw 3 of its levels.
You visited the Abyss 1 time.
You also visited: Sewer.

You collected 117 gold pieces.

Inventory:

Hand Weapons
 p - a +0 blowgun
Missiles
 q - 26 poisoned needles
Armour
 a - a +1 robe (worn)
Jewellery
 t - an uncursed amulet of faith
Wands
 v - a wand of slowing (15/48)
Scrolls
 c - a scroll of immolation
 d - a scroll of noise
 h - a scroll of remove curse
 l - a scroll of random uselessness {unknown}
 n - a scroll of identify {unknown}
 r - a scroll of blinking {unknown}
Potions
 e - a potion of brilliance {unknown}
 j - a potion of mutation
 o - a potion of resistance {unknown}
 s - 2 potions of flight {heal?}
 u - a potion of heal wounds {unknown}
Comestibles
 b - 6 bread rations
 f - 2 meat rations
 g - 3 chunks of flesh
 i - 14 fruits


   Skills:
 - Level 2.4 Fighting
 - Level 1.9 Dodging
 + Level 6.7 Unarmed Combat
 - Level 1.5 Invocations


You had 5 spell levels left.
You didn't know any spells.

Dungeon Overview and Level Annotations

Branches:
Dungeon (3/15)

Altars:
Qazlal


Innate Abilities, Weirdness & Mutations

You are too large for most types of armour.
You have claws for hands.
Your metabolism is lightning-fast.
You like to eat raw meat.
You heal very quickly.
You are covered in fur (AC +1).
You have very tough skin (AC +2).
You are resistant to electric shocks.


Message History

Drink which item? (? for menu, Esc to quit)
You feel better. The killer bee closely misses you. The killer bee stings you.
* * * LOW HITPOINT WARNING * * *
Drink which item? (? for menu, Esc to quit)
It was a potion of mutation.
You feel extremely strange.
You feel the urge to shout.
Your urge to shout disappears.
You feel insulated.
The killer bee stings you but does no damage.
The killer bee stings you.
* * * LOW HITPOINT WARNING * * *
You are poisoned.
The killer bee poisons you!
Read which item? (? for menu, Esc to quit)
As you read the scroll labeled JYOWKO BEPEC, it crumbles to dust.
It is a scroll of enchant armour.
Enchant which item? (? for menu, Esc to quit)
Your +0 robe glows green for a moment.
You feel sick. The killer bee stings you.
* * * LOW HITPOINT WARNING * * *
The killer bee stings you.
You die...

.. #.# #.# ... #(# #.#
....##### ##########(######.#
#......######..............##.#
#....)........########.###.##.#
#.####.######## #.# #.##.# #.#
#.###.##.. #.###########
#......).. #........@yy#
#####.##)) ###########.# #.##..
.# #.##.. y# #.##.8 .# #.##..
.# #####.##.. .# #......... ..
.....#.#### ##.#.#.#


You could see 2 killer bees.

Vanquished Creatures
  A big kobold (Sewer)
  A killer bee (D:3)
  Jessica (D:2)
  Robin (D:2)
  A gnoll (D:1)
  7 adders
  2 river rats (Sewer)
  An ooze (D:3)
  2 worms (D:3)
  2 giant geckos
  An orc (D:3)
  6 bats
  4 giant cockroaches
  13 goblins
  17 hobgoblins
  5 jackals
  5 kobolds
  A quokka (D:3)
  7 giant newts
  7 rats
85 creatures vanquished.

Notes
Turn   | Place    | Note
--------------------------------------------------------------
     0 | Abyss:1  | ThermosAquaticus the Troll Abyssal Knight began the quest for the Orb.
     0 | Abyss:1  | Reached XP level 1. HP: 22/22 MP: 1/1
    28 | Abyss:1  | Noticed a wretched star
    29 | D:1      | Escaped the Abyss
    75 | D:1      | Reached * piety under Lugonu
   117 | D:1      | Reached XP level 2. HP: 29/29 MP: 2/2
   207 | D:1      | Reached skill level 3 in Unarmed Combat
   745 | D:1      | Reached XP level 3. HP: 21/36 MP: 3/3
   881 | D:2      | Noticed Jessica
   884 | D:2      | Killed Jessica
   884 | D:2      | Reached skill level 4 in Unarmed Combat
  1074 | D:2      | Reached XP level 4. HP: 44/44 MP: 4/4
  1082 | D:2      | Reached ** piety under Lugonu
  1090 | D:2      | Noticed Robin
  1111 | D:2      | Killed Robin
  1454 | D:2      | Found a stormy altar of Qazlal.
  1605 | D:2      | Reached skill level 5 in Unarmed Combat
  1652 | D:3      | Reached XP level 5. HP: 47/50 MP: 5/5
  1687 | D:3      | Found a glowing drain.
  1735 | Sewer    | Entered a sewer
  1828 | Sewer    | Reached skill level 6 in Unarmed Combat
  1848 | Sewer    | Found a glowing silver altar of Zin.
  1969 | D:3      | Reached XP level 6. HP: 55/59 MP: 6/6
  2098 | D:3      | Found a faded altar to an unknown god.
  2213 | D:3      | Gained mutation: You occasionally shout uncontrollably at your foes. [potion of mutation]
  2213 | D:3      | Lost mutation: You occasionally shout uncontrollably at your foes. [potion of mutation]
  2213 | D:3      | Gained mutation: You are resistant to electric shocks. [potion of mutation]
  2214 | D:3      | Slain by a killer bee

Vault maps used:
D:1:      tarquinn_simple_flora_water_b, serial_bayou_pond_d
D:2:      grunt_qazlal_clouds, dk_vineyard_2, uniq_jessica, uniq_robin
D:3:      ecumenical_altar_2, gup_sewer_entry_glass
Sewer:    sewer_kobolds

Action                   |  1- 3 |  4- 6 || total
-------------------------+-------+-------++-------
Melee: Unarmed           |    79 |   167 ||   246
Invok: Depart the Abyss  |     1 |       ||     1
  Use: Scroll            |       |     4 ||     4
       Potion            |       |     4 ||     4
 Stab: Sleeping          |       |     1 ||     1
  Eat: Chunk             |    15 |    11 ||    26
